AoeStats
← 平底锅战士

African Clearing

510811671Analyzed
4v4 RM · 1d ago on Oct 2, 2026· 42m 8s· 8 players
Game mode
Random Map
Map size
Large (8 player)
Population
200
Speed
Normal
Resources
Standard
Victory
Conquest
Starting age
Dark Age
Ending age
Imperial Age
RankedLock teamsTeams togetherTeam positionsShared explorationLock speedFull tech treeHidden civsTurbo modeCheats
Victory
Defeat
🇨🇳 Koreans · China
1132
+13
1109
+14
🇨🇳 Lithuanians · China
1064
+16
🇪🇸 Vikings · Spain
1054
+15
🇨🇱 Italians · Chile
1071
-15
🇩🇪 Goths · Germany
1070
-15
🇩🇪 Varangians · Germany
1065
-15
🇩🇪 Koreans · Germany
1027
-13
Lopbuelotov
7:11 Loom
13:57 Feudal Age
16:02 Horse Collar
16:09 Double-Bit Axe
17:23 Wheelbarrow
20:58 Castle Age
21:48 Pikeman
23:15 Forging
27:54 Gold Mining
30:50 Fletching
31:04 Town Watch
32:33 Heavy Plow
36:17 Imperial Age
36:57 Padded Archer Armor
36:52 Bodkin Arrow
36:22 Elite Skirmisher
37:28 Conscription
38:17 Leather Archer Armor
39:12 Crop Rotation
39:28 Ballistics
39:14 Husbandry
40:23 Scale Barding Armor
40:19 Bracer
41:32 Chain Barding Armor
42:16 Chemistry
41:28 Treadmill Crane
41:38 Cavalier
harborsinger
5:27 Loom
14:47 Feudal Age
20:07 Castle Age
17:59 Double-Bit Axe
20:25 Fletching
21:04 Crossbowman
29:25 Thumb Ring
34:42 Elite Skirmisher
42:08 Imperial Age
Besen
14:23 Feudal Age
19:11 Castle Age
23:23 Forging
26:11 Scale Mail Armor
32:26 Iron Casting
36:17 Double-Bit Axe
Lord_Maxxus
14:27 Feudal Age
21:03 Castle Age
22:54 Fletching
25:46 Loom
37:23 Husbandry
37:23 Double-Bit Axe
平底锅战士
10:53 Loom
14:20 Feudal Age
19:56 Castle Age
17:55 Double-Bit Axe
20:10 Bloodlines
23:51 Scale Barding Armor
26:37 Bow Saw
30:10 Chain Barding Armor
36:26 Wheelbarrow
38:36 Imperial Age
38:42 Imperial Age
38:51 Imperial Age
37:10 Husbandry
39:04 Gold Mining
38:57 Cavalier
40:16 Plate Barding Armor
40:41 Forging
40:01 Cavalier
42:40 Iron Casting
重新出现的阿水
5:17 Loom
13:47 Feudal Age
14:13 Double-Bit Axe
20:03 Castle Age
18:20 Fletching
19:08 Gold Mining
20:35 Crossbowman
21:11 Bodkin Arrow
27:53 Arson
28:11 Scale Mail Armor
30:04 Forging
33:43 Wheelbarrow
32:53 Town Watch
33:20 Bow Saw
33:02 Horse Collar
36:04 Squires
37:54 Chain Mail Armor
41:39 Imperial Age
39:31 Murder Holes
41:14 Iron Casting
40:44 Heavy Plow
41:45 Gold Shaft Mining
41:02 Stone Mining
42:23 Bracer
赏这黄昏忆那往事
10:47 Loom
13:02 Feudal Age
13:56 Double-Bit Axe
14:11 Horse Collar
18:41 Wheelbarrow
22:08 Castle Age
20:00 Fletching
20:11 Padded Archer Armor
21:55 Forging
22:21 Gold Mining
22:14 Crossbowman
22:52 Bodkin Arrow
23:34 Bow Saw
25:32 Gold Shaft Mining
28:30 Ballistics
31:21 Imperial Age
28:50 Stone Mining
29:42 Leather Archer Armor
30:07 Heavy Plow
31:12 Stone Shaft Mining
34:07 Bracer
34:15 Thumb Ring
34:56 Conscription
37:25 Bracer
39:00 Iron Casting
38:13 Capped Ram
40:11 Arbalester
42:28 Ring Archer Armor
Barbas_97
5:31 Loom
13:08 Feudal Age
18:51 Castle Age
17:01 Double-Bit Axe
18:02 Horse Collar
20:48 Town Watch
22:19 Bow Saw
23:26 Gold Mining
23:29 Stone Mining
23:42 Heavy Plow
26:45 Scale Mail Armor
26:55 Forging
26:56 Scale Mail Armor
30:22 Imperial Age
29:38 Chain Mail Armor
29:59 Iron Casting
29:35 Squires
32:49 Blast Furnace
32:11 Conscription
33:11 Gold Shaft Mining
33:33 Plate Mail Armor
36:57 Crop Rotation
36:58 Arson
36:42 Elite Varangian Guard
37:42 Fletching
37:53 Padded Archer Armor
38:45 Bodkin Arrow
41:07 Ballistics
41:48 Chemistry
40:53 Bracer
41:09 Leather Archer Armor
41:29 Pikeman
43:19 Two-Man Saw
42:21 Town Patrol
Connection lost

Rejoining the realm…

Still unreachable

The connection could not be restored.

Session expired

The server has moved on; the page needs a fresh start.